Description

Fantasia Zerg Start

Build Order

Get SALT Encoding   

  13  00:02  Drone  
  14  00:09  Drone  
  14  00:18  Overlord  
  17  00:35  Drone x5  3 drones
  18  00:46  Drone  
  17  00:57  Hatchery  
  18  01:00  Drone  
  17  01:13  Spawning Pool  
  18  01:16  Drone  
  17  01:20  Extractor  
  18  01:22  Drone  
  17  01:28  Evolution Chamber  
  18  01:31  Drone  
  19  01:40  Drone  Naar de extractor 3 drones
  20  01:50  Drone  
  22  02:00  Queen  
  22  02:03  Drone  Verplaats naar 2nd base 8 drones
  25  02:11  Drone x3  
  25  02:20  Zerg Melee Weapons Level 1  
  26  02:26  Drone  
  28  02:32  Drone x2  2 Drones
  28  02:38  Overlord  
Spawning Tool Build Advisor. Get it on Overwolf

Go to:

Details

  • Created by: Fantasia
  • Published on: Feb 22, 2020
  • Modified on: Feb 22, 2020
  • Patch: 4.11.0
Show
View Real Time Build Order
Export as new Build Order

Comments (0)

There are no comments. Be the first!

Create an account to comment!